 Dungeon Crawl Stone Soup version 0.24-a0-84-g25a2d9f (webtiles) character file.

Game seed: 1231992370454663672

23 Blackhawk the Skirmisher (level 2, -7/24 HPs)
             Began as a Demonspawn Abyssal Knight on Feb 7, 2019.
             Was a Follower of Lugonu.
             Mangled by Sigmund
             ... wielding a +0 scythe
              (8 damage)
             ... on level 2 of the Dungeon.
             The game lasted 00:01:20 (894 turns).

Blackhawk the Skirmisher (Demonspawn Abyssal Knight) Turns: 894, Time: 00:01:21

Health: -7/24      AC:  8    Str: 12    XL:     2   Next: 75%
Magic:  0/4        EV:  5    Int: 13    God:    Lugonu [*.....]
Gold:   61         SH:  0    Dex: 12    Spells: 1/1 levels left

rFire    . . .     SeeInvis .   a - +1 hand axe
rCold    . . .     Gourm    .   (no shield)
rNeg     . . .     Faith    .   e - +0 chain mail
rPois    .         Spirit   +   (no helmet)
rElec    .         Reflect  .   (no cloak)
rCorr    .         Harm     .   (no gloves)
MR       .....                  (no boots)
Stlth    ..........             (no amulet)
HPRegen  0.08/turn              (no ring)
MPRegen  0.09/turn              (no ring)

@: no status effects
A: magic shield
a: Depart the Abyss, Renounce Religion


You were on level 2 of the Dungeon.
You worshipped Lugonu.
Lugonu was aware of your devotion.
You were not hungry.

You visited 1 branch of the dungeon, and saw 2 of its levels.
You visited the Abyss 1 time.

You collected 61 gold pieces.

Inventory:

Hand Weapons
 a - a +1 hand axe (weapon)
Armour
 b - a +0 leather armour
 e - a +0 chain mail (worn)
Scrolls
 h - 3 scrolls of teleportation {unknown}
 i - a scroll of identify {unknown}
Potions
 f - a potion of agility {unknown}
 g - a potion of degeneration {unknown}
 j - a potion of resistance {unknown}
Comestibles
 c - 2 rations


   Skills:
 + Level 3.2 Fighting
 + Level 2.1 Axes
 + Level 2.1 Armour
 + Level 1.3 Dodging
 + Level 2.9 Invocations


You had one spell level left.
You didn't know any spells.
Your spell library was empty.

Dungeon Overview and Level Annotations

Branches:
Dungeon (2/15)

Altars:

Annotations:
D:2 Sigmund


Innate Abilities, Weirdness & Mutations

When hurt, damage is shared between your health and your magic reserves.


Message History

Sigmund hits you but does no damage.
You closely miss Sigmund.
Sigmund is moderately wounded.
Sigmund gestures at you while chanting.
You are confused.
You bump into the rock wall.
Sigmund casts a spell at you. The magic dart hits you.
Sigmund casts a spell at you. The magic dart hits you!
Sigmund hits you with a +0 scythe.
You see here a scroll labeled WINLIN WIUNONO.
You bump into the rock wall.
Sigmund hits you with a +0 scythe!
* * * LOW HITPOINT WARNING * * *
You bump into the rock wall.
You feel less confused.
You hit Sigmund.
Sigmund is heavily wounded.
Sigmund hits you with a +0 scythe!
You die...

##### ...####.#
......#.#
.....>.#
..##...#
#.##...#
#@##...#
#@##...#
#.##...#######
#...........<#
###.##########
...............
#######.#######
#.# ..# ###


You could see Sigmund.

Vanquished Creatures
  5 goblins (D:1)
  5 hobgoblins (D:1)
  3 jackals (D:1)
  3 kobolds (D:1)
  3 bats (D:1)
  A frilled lizard (D:1)
  A rat (D:1)
21 creatures vanquished.

Notes
Turn   | Place    | Note
-------+----------+-------------------------------------------
     0 | Abyss:1  | Blackhawk the Demonspawn Abyssal Knight began the quest for
                  | the Orb.
     0 | Abyss:1  | Reached XP level 1. HP: 18/18 MP: 2/2
    50 | Abyss:1  | Noticed a large abomination
    61 | Abyss:1  | Noticed a spatial vortex
    62 | Abyss:1  | Noticed a spatial vortex
    62 | Abyss:1  | Noticed a spatial vortex
    64 | Abyss:1  | Noticed a spatial vortex
    66 | D:1      | Escaped the Abyss
    96 | D:1      | Reached skill level 1 in Dodging
   195 | D:1      | Reached * piety under Lugonu
   195 | D:1      | Gained mutation: When hurt, damage is shared between your
                  | health and your magic reserves. [demonic ancestry]
   195 | D:1      | Reached XP level 2. HP: 20/24 MP: 4/4
   883 | D:2      | Noticed Sigmund
   892 | D:2      | HP: 1/24 [Sigmund/+0 scythe (8)]
   894 | D:2      | Mangled by Sigmund

Levels and vault maps discovered:

Skill      XL: |  1  2 |
---------------+-------+-----
Dodging        | 1 |  1.3
Armour         | 2 |  2.1
Axes           | 2 |  2.1
Fighting       | |  3.2
Invocations    | |  2.9

Action                   || total
-------------------------++-------
Melee: Hand axe          ||    73
Invok: Depart the Abyss  ||     1
Armor: Chain mail        ||    64
       Leather armour    ||     2
Dodge: Dodged            ||    23

Table legend:
 A = Non-vault XP
 B = Vault XP
 C = Vault XP percentage of total XP
 D = Non-vault monster count
 E = Vault monster count
 F = Vault count percentage of total count
                 A         B        C        D         E       F
            +---------+---------+-------+---------+---------+-------
      Total |      34 |       0 |   0.0 |      21 |       0 |   0.0
            +---------+---------+-------+---------+---------+-------
        D:1 |      34 |       0 |   0.0 |      21 |       0 |   0.0
            +---------+---------+-------+---------+---------+-------
